 Dungeon Crawl Stone Soup version 0.31-a0-354-g827e0957a7 (webtiles) character file.

Game seed: 10037960583998869339

80 Locuples the Magician (level 4, -7/31 HPs)
             Began as a Djinni Earth Elementalist on July 24, 2023.
             Mangled by Terence
             ... wielding a +0 trident
              (8 damage)
             ... on level 3 of the Dungeon.
             The game lasted 00:06:37 (1686 turns).

Locuples the Magician (Djinni Earth Elementalist)   Turns: 1686, Time: 00:06:38

Health: -7/31      AC:  2    Str:  7    XL:     4   Next: 65%
Gold:   111        EV: 12    Int: 19    God:
                   SH:  5    Dex: 13

rFire   + + .        (no weapon)
rCold   x . .        (no shield)
rNeg    . . .        a - +0 robe
rPois   ∞            (no helmet)
rElec   .            (no cloak)
rCorr   +            (no gloves)
SInv    .            (boots unavailable)
Will    .....        b - amulet of reflection
Stlth   ++           c - ring of resist corrosion
HPRegen 0.25/turn    (no ring)
MPRegen 0.00/turn

%: reflection, infuse magic (-8 HP)
@: flying
A: sickness immunity, fire resistance 2, cold vulnerability 1, float, innate
caster, HP casting, extra vitality 1
a: no special abilities


You were on level 3 of the Dungeon.
You visited 1 branch of the dungeon, and saw 3 of its levels.

You collected 111 gold pieces.

Inventory:

Armour
 a - a +0 robe (worn)
Jewellery
 b - an amulet of reflection (around neck)
 c - a ring of resist corrosion (left hand)
Scrolls
 e - a scroll of blinking {unknown}
 i - a scroll of fog {unknown}
 j - a scroll of identify {unknown}
 k - a scroll of teleportation {unknown}
 l - a scroll of enchant weapon {unknown}
Potions
 d - 3 potions of enlightenment {unknown}
 f - a potion of magic {unknown}
 g - a potion of curing {unknown}
 h - a potion of might {unknown}


   Skills:
 - Level 2.2 Dodging
 - Level 1.6 Stealth
 + Level 1.2 Shields
 + Level 4.0 Spellcasting
 + Level 4.0 Conjurations
 + Level 4.0 Hexes
 + Level 4.0 Summonings
 + Level 4.0 Necromancy
 + Level 4.0 Translocations
 + Level 4.0 Transmutations
 + Level 4.0 Fire Magic
 + Level 4.0 Ice Magic
 + Level 4.0 Air Magic
 + Level 4.0 Earth Magic
 + Level 4.0 Poison Magic


You knew the following spells:

 Your Spells              Type           Power      Damage    Failure   Level
a - Sandblast             Erth           38%        2d10      2%          1
b - Passwall              Tmut/Erth      15%        N/A       3%          2
c - Stone Arrow           Conj/Erth      38%        3d9       8%          3
d - Petrify               Tmut/Erth      19%        N/A       26%         4
e - Foxfire               Conj/Fire      76%        2x1d7     2%          1
Your spell library was empty.

Dungeon Overview and Level Annotations

Branches:
Dungeon (3/15)

Altars:

Annotations:
D:3 Terence


Innate Abilities, Weirdness & Mutations

You are immune to sickness and miasma.
You are immune to poison.
Your flesh is very heat resistant. (rF++)
You are vulnerable to cold. (rC-)
You float through the air rather than walking.
You learn spells naturally, not from books.
Your magical power is your life essence.
You have superior vitality. (+4 MHP)


Message History

Casting: Foxfire (safe; 2% risk of failure)
Press: ? - help, Q - select action, (/) - cycle Dir - look around, f - activate You conjure some foxfire!
Terence closely misses you.
Your magical contamination has completely faded away.
Your foxfire dissipates!
The foxfire hits Terence but does no damage.
Terence is heavily wounded.
Casting: Foxfire (safe; 2% risk of failure)
Press: ? - help, Q - select action, (/) - cycle Dir - look around, f - activate You conjure some foxfire!
Terence shouts, "Get ready for death!"
Terence closely misses you.
Casting: Foxfire (safe; 2% risk of failure)
Press: ? - help, Q - select action, (/) - cycle Dir - look around, f - activate Look: a foxfire (friendly)
You conjure some foxfire!
The foxfire hits Terence.
Terence is heavily wounded.
The foxfire hits Terence.
Terence is severely wounded.
Terence hits you from afar with a +0 trident!
* * * LOW HITPOINT WARNING * * *
Casting: Foxfire (safe; 2% risk of failure)
Press: ? - help, Q - select action, (/) - cycle Dir - look around, f - activate You conjure some foxfire!
* * * LOW HITPOINT WARNING * * *
Terence hits you from afar with a +0 trident.
* * * LOW HITPOINT WARNING * * *
Your foxfire dissipates!
The foxfire hits Terence.
Terence is almost dead.
The foxfire hits Terence but does no damage.
Terence is almost dead.
Casting: Foxfire (safe; 2% risk of failure)
Press: ? - help, Q - select action, (/) - cycle Dir - look around, f - activate You conjure some foxfire!
* * * LOW HITPOINT WARNING * * *
Terence hits you from afar with a +0 trident!
You die...

##### ##...######
####..........
########v@v@...######
#### #........###...#
...#####.......##
#####
#.#...........########
#...##########†......#
#..## #.......+ #..#
#.......# ##..#####
#.......# ........#
<.......#


You could see Terence (ally target).

Vanquished Creatures
  3 adders
  A worm (D:2)
  2 dart slugs
  6 bats
  An endoplasm (D:1)
  9 goblins
  4 hobgoblins
  3 jackals (D:2)
  2 quokkas
  2 ball pythons
  2 frilled lizards (D:1)
  5 kobolds
  3 rats
43 creatures vanquished.

Vanquished Creatures (others)
  42 foxfires
42 creatures vanquished.

Grand Total: 85 creatures vanquished

Notes
Turn   | Place    | Note
-------+----------+-------------------------------------------
     0 | D:1      | Locuples the Djinni Earth Elementalist began the quest for
                  | the Orb.
     0 | D:1      | Locuples set off with the following spells memorised:
                  | Sandblast, Passwall, Stone Arrow, Petrify.
     0 | D:1      | Reached XP level 1. HP: 15/15 MP: 0/0
    71 | D:1      | Reached XP level 2. HP: 18/21 MP: 0/0
   377 | D:1      | Reached XP level 3. HP: 24/25 MP: 0/0
   377 | D:1      | Learned a level 1 spell: Foxfire
   632 | D:2      | Found a faded altar of an unknown god.
   638 | D:2      | Got Plato's Precepts of the Discharge
   828 | D:2      | Reached XP level 4. HP: 28/31 MP: 0/0
  1569 | D:3      | Reached skill level 1 in Shields
  1669 | D:3      | Noticed Terence
  1684 | D:3      | HP: 1/31 [Terence/+0 trident (3)]
  1686 | D:3      | Mangled by Terence

Illustrated notes

Levels and vault maps discovered:
D:1:      sevenhm_arrival_forest_fort_large_1, layout_basic
D:2:      layout_basic, shapermc_ecumenical_altar_rom_forum
D:3:      layout_basic, lemuel_crystal_altar, old_standard_altar,
          minmay_fractal_squares_diagonal_5, uniq_natasha, uniq_terence

Skill      XL: |  1  2  3  4 |
---------------+-------------+-----
Spellcasting   | 4 |  4.0
Conjurations   | 4 |  4.0
Hexes          | 4 |  4.0
Summonings     | 4 |  4.0
Necromancy     | 4 |  4.0
Translocations | 4 |  4.0
Transmutations | 4 |  4.0
Fire Magic     | 4 |  4.0
Ice Magic      | 4 |  4.0
Air Magic      | 4 |  4.0
Earth Magic    | 4 |  4.0
Poison Magic   | 4 |  4.0
Shields        | 1 |  1.2
Dodging        | |  2.2
Stealth        | |  1.6

Action                     |  1- 3 |  4- 6 || total
---------------------------+-------+-------++-------
  Melee: Unarmed           |     3 |     3 ||     6
         Punch             |     1 |       ||     1
   Cast: Sandblast         |    41 |     9 ||    50
         Stone Arrow       |     2 |       ||     2
         Foxfire           |     1 |    28 ||    29
         Passwall          |     1 |       ||     1
 Armour: Robe              |     6 |     3 ||     9
  Dodge: Dodged            |    11 |    11 ||    22
  Block: Other             |     3 |     4 ||     7
         Reflection        |       |     1 ||     1

Table legend: (Time is in decaauts)
 A = Elapsed time spent in this place.
 B = Non-inter-level travel time spent in this place.
 C = Inter-level travel time spent in this place.
 D = Time resting spent in this place.
 E = Time spent auto-exploring this place.
 F = Levels seen in this place.
 G = Mean time per level.
                   A        B        C        D        E       F      G
               +--------+--------+--------+--------+--------+-----+--------+
         Total |   1710 |   1594 |    116 |     68 |   1201 |   3 |  570.0 |
       Dungeon |   1710 |   1594 |    116 |     68 |   1201 |   3 |  570.0 |
               +--------+--------+--------+--------+--------+-----+--------+

Top non-repeatable levels by time:
     D:2: 1038 daAuts
     D:1: 545 daAuts
     D:3: 126 daAuts
